 Dungeon Crawl Stone Soup version 0.31-a0-692-gf03d1854d5 (webtiles) character file.

Game seed: 7270905590865480619

338 qw the Shooter (level 6, -2/37 HPs)
             Began as a Gargoyle Hunter on Sept 6, 2023.
             Killed by divine providence
             ... invoked by an orc priest
              (13 damage)
             ... on level 4 of the Dungeon.
             The game lasted 00:01:08 (2727 turns).

qw the Shooter (Gargoyle Hunter)                    Turns: 2727, Time: 00:01:08

Health: -2/37      AC: 13    Str: 14    XL:     6   Next: 55%
Magic:  6/6        EV: 11    Int: 10    God:
Gold:   31         SH:  0    Dex: 15    Spells: 5/5 levels left

rFire   + . .        Y - +0 shortbow
rCold   . . .        (shield currently unavailable)
rNeg    + . .        p - +0 ring mail
rPois   inf          f - +0 helmet
rElec   +            o - +0 cloak
rCorr   .            (no gloves)
SInv    .            h - +0 pair of boots
Will    +....        (no amulet)
Stlth   +            d - ring of protection from fire
HPRegen 0.26/turn    m - ring of willpower
MPRegen 0.10/turn

%: no passive effects
@: no status effects
A: sickness immunity, AC +4, negative energy resistance 1, electricity
resistance, torment resistance 1, petrification resistance
a: no special abilities


You were on level 4 of the Dungeon.
You visited 1 branch of the dungeon, and saw 4 of its levels.

You collected 124 gold pieces.
You spent 93 gold pieces at shops.


Innate Abilities, Weirdness & Mutations

You are immune to sickness and miasma.
Your stone body is resilient. (AC +4)
You are immune to poison.
You resist negative energy. (rN+)
You are resistant to electric shocks. (rElec)
You are resistant to unholy torment.
You are immune to petrification.


   Skills:
 + Level 3.1 Fighting
 - Level 6.7 Ranged Weapons
 - Level 2.8 Armour
 - Level 1.5 Dodging
 - Level 1.1 Stealth


You had 5 spell levels left.
You didn't know any spells.
Your spell library was empty.

Inventory:

Hand Weapons
 Y - a +0 shortbow (weapon)
Armour
 f - a +0 helmet (worn)
 h - a +0 pair of boots (worn)
 o - a +0 cloak (worn)
 p - a +0 ring mail (worn)
Jewellery
 d - a ring of protection from fire (left hand)
 m - a ring of willpower (right hand)
Scrolls
 b - a scroll of fear {unknown}
 c - 2 scrolls of identify
Potions
 a - a potion of cancellation {unknown}
 e - a potion of brilliance {unknown}
 g - a potion of lignification {unknown}
 j - a potion of enlightenment {unknown}
 k - a potion of curing {unknown}
 l - a potion of mutation {unknown}
 q - a potion of haste {unknown}

Dungeon Overview and Level Annotations

Branches:
Dungeon (4/15)
 Temple: D:4-7

Altars:
Dithmenos
Elyvilon
Nemelex Xobeh
Okawaru

Shops:
D:2 *   D:3 [

Annotations:
D:3 1 runed translucent door, qw's ghost, amateur GrHu


Message History

The orc priest shouts!
You shoot an arrow.
The arrow closely misses the orc priest.
The orc priest shoots an arrow.
The arrow closely misses you.
A kobold comes into view. It is wielding a +0 short sword.
You hear a shout!
You shoot an arrow. The arrow barely misses the orc priest.
The kobold shouts!
You shoot an arrow.
The arrow hits the orc priest but does no damage.
The orc priest invokes the aid of Beogh against you.
Beogh smites you!
An orc comes into view. It is wielding a +0 whip.
The orc priest calls down the wrath of Beogh upon you.
Beogh smites you!
You shoot an arrow. The arrow hits the orc priest.
The orc priest is moderately wounded.
The orc priest looks braver for a moment.
You shoot an arrow. The arrow hits the orc priest!
The orc priest is almost dead.
The orc priest shoots an arrow.
The arrow closely misses you.
An orc comes into view.
It is wielding a +0 dagger and wearing a +0 ring mail of poison resistance.
You shoot an arrow. The orc shouts!
The arrow hits the orc priest but does no damage.
The orc priest is almost dead.
The orc priest looks encouraged for a moment.
You shoot an arrow. The arrow hits the kobold.
You kill the kobold!
The orc priest shoots an arrow.
The arrow hits you.
An orc comes into view. It is wielding a +0 dagger.
You hear a shout!
You hear an angry hiss.
You shoot an arrow. The orc shouts!
The arrow hits the orc.
The orc is lightly wounded.
You hear a shout!
The orc priest mumbles some strange prayers to Beogh against you.
Beogh smites you!
You die...

### 8...8 #.$## #..:#
.##....###...#
........##...##
......%.#8...8###
........##...##.# ##
................######..
................##.#....
.......@........#.......
..8.8.8.8...............
......)........##...)...
................#.......
..oo...!...###.###......
o.......................
..o.....##.[...##.###...
K.......# ##......# #...
#.......###...


You could see an orc priest, 3 orcs and a kobold (wandering).

Vanquished Creatures
  A water moccasin (D:3)
  Blork the orc (D:4)
  Jessica (D:3)
  8 adders
  An ufetubus (D:3)
  2 worms (D:2)
  A dart slug (D:2)
  2 orcs (D:3)
  5 ball pythons
  3 endoplasms
  3 giant cockroaches (D:1)
  5 hobgoblins
  7 kobolds
  4 quokkas
  A bat (D:1)
  6 frilled lizards
  8 goblins
  2 rats
61 creatures vanquished.

Notes
Turn   | Place    | Note
-------+----------+-------------------------------------------
     0 | D:1      | qw the Gargoyle Hunter began the quest for the Orb.
     0 | D:1      | Reached XP level 1. HP: 12/12 MP: 1/1
     0 | D:1      | 0 ||| qw: Version: 0.3-a-76-g4403597
     0 | D:1      | 0 ||| qw: Game counter: 206
     0 | D:1      | 0 ||| qw: Melee chars always use a shield: true
     0 | D:1      | 0 ||| qw: God list: Okawaru
     0 | D:1      | 0 ||| qw: Allow faded altars: false
     0 | D:1      | 0 ||| qw: Do Orc after clearing Dungeon:15 true
     0 | D:1      | 0 ||| qw: Do second Lair branch before Depths: true
     0 | D:1      | 0 ||| qw: Lair rune preference: random
     0 | D:1      | 0 ||| qw: Goals: Normal
     0 | D:1      | 0 ||| PLANNING D:1-11
   147 | D:1      | Reached XP level 2. HP: 17/17 MP: 2/2
   581 | D:1      | Reached XP level 3. HP: 21/21 MP: 3/3
   800 | D:1      | Reached skill level 5 in Ranged Weapons
   830 | D:1      | Found a faded altar of an unknown god.
   986 | D:1      | 986 ||| UPGRADING to +0 helmet.
   991 | D:1      | 991 ||| UPGRADING to +0 pair of boots.
   996 | D:1      | 996 ||| UPGRADING to ring of protection from fire.
   997 | D:1      | 997 ||| READING scroll labelled ZIEKAI ZUNEL.
  1000 | D:1      | 1000 ||| DROPPING scroll of butterflies.
  1235 | D:2      | Reached skill level 3 in Fighting
  1263 | D:2      | Reached XP level 4. HP: 28/28 MP: 4/4
  1317 | D:2      | Reached skill level 1 in Armour
  1577 | D:2      | Found Tehyixt's General Store.
  1642 | D:2      | 1642 ||| READING scroll labelled MAIVYR GEFELOE.
  1659 | D:3      | Found a runed translucent door.
  1659 | D:3      | Noticed qw's ghost (amateur GrHu)
  1684 | D:3      | Noticed Jessica
  1687 | D:3      | Killed Jessica
  1738 | D:3      | Reached XP level 5. HP: 28/32 MP: 5/5
  1902 | D:3      | Found an iron altar of Okawaru.
  1940 | D:3      | Found Tesmahidgh's Armour Boutique.
  1948 | D:3      | 1948 ||| BUYING +0 cloak (49 gold).
  1948 | D:3      | Bought a +0 cloak for 49 gold pieces
  1948 | D:3      | 1948 ||| BUYING +0 ring mail (44 gold).
  1948 | D:3      | Bought a +0 ring mail for 44 gold pieces
  1948 | D:3      | 1948 ||| SHOPLISTING +2 robe of willpower (194 gold, have
                  | 16).
  2055 | D:3      | Found a sparkling altar of Nemelex Xobeh.
  2239 | D:3      | Found a shadowy altar of Dithmenos.
  2241 | D:3      | Found a white marble altar of Elyvilon.
  2244 | D:3      | 2244 ||| UPGRADING to +0 cloak.
  2249 | D:3      | 2249 ||| UPGRADING to +0 ring mail.
  2259 | D:3      | 2259 ||| DROPPING +0 leather armour.
  2260 | D:3      | 2260 ||| UPGRADING to ring of willpower.
  2261 | D:3      | 2261 ||| READING scroll labelled FUNOSIMNIY.
  2262 | D:3      | 2262 ||| READING scroll labelled WECEKL UTSALAN.
  2263 | D:3      | 2263 ||| DRINKING 2 fuming brown potions.
  2300 | D:4      | Noticed a water moccasin
  2303 | D:4      | 2303 ||| STAIRDANCE
  2314 | D:4      | 2314 ||| STAIRDANCE
  2321 | D:3      | HP: 8/32 [adder (1)]
  2322 | D:3      | 2322 ||| READING scroll of teleportation.
  2323 | D:3      | 2323 ||| DRINKING potion of heal wounds.
  2388 | D:3      | HP: 8/32 [water moccasin (5)]
  2389 | D:3      | Killed a water moccasin
  2390 | D:3      | Reached skill level 6 in Ranged Weapons
  2390 | D:3      | Reached XP level 6. HP: 10/37 MP: 6/6
  2500 | D:4      | 2500 ||| STAIRDANCE
  2504 | D:4      | 2504 ||| STAIRDANCE
  2542 | D:4      | 2542 ||| STAIRDANCE
  2546 | D:4      | 2546 ||| STAIRDANCE
  2550 | D:4      | 2550 ||| STAIRDANCE
  2554 | D:4      | 2554 ||| STAIRDANCE
  2558 | D:4      | 2558 ||| STAIRDANCE
  2562 | D:4      | 2562 ||| STAIRDANCE
  2566 | D:4      | 2566 ||| STAIRDANCE
  2578 | D:3      | 2578 ||| FLEEEEING.
  2581 | D:3      | 2581 ||| STAIRDANCE
  2634 | D:4      | Noticed Blork the orc
  2649 | D:4      | Killed Blork the orc
  2727 | D:4      | Killed from afar by an orc priest

Levels and vault maps discovered:
D:1:      dpeg_arrival_signposts, layout_loops_corners,
          shapermc_ecumenical_altar_petra
D:2:      layout_loops_ring, serial_shops, nicolae_shop_pleasant_corner_grove
D:3:      layout_loops_ring, nemelex_diamond_rough_becter,
          nicolae_overflow_hidden_temple, gammafunk_ghost_grave, serial_shops,
          shop, uniq_jessica
D:4:      layout_cave_pools, mainiacjoe_overflow_tiny_flanked,
          serial_column_ruins, column_ruins_courtyard_long, column_ruins_grid_2,
          column_ruins_columns_straight, column_ruins_grid_2,
          column_ruins_columns_T, corexii_hall_statues_l,
          kennysheep_generic_room_12, uniq_blork_the_orc

Skill      XL: |  1  2  3  4  5  6 |
---------------+-------------------+-----
Ranged Weapons | 5 6 |  6.7
Fighting       | 3 |  3.1
Armour         | 1 2 |  2.8
Dodging        | |  1.5
Stealth        | |  1.1

Action                     |  1- 3 |  4- 6 || total
---------------------------+-------+-------++-------
   Fire: Shortbow          |   127 |   129 ||   256
    Use: Scroll            |     1 |     4 ||     5
         Potion            |       |     2 ||     2
 Armour: Leather armour    |    34 |    16 ||    50
         Ring mail         |       |    87 ||    87
  Dodge: Dodged            |    42 |    65 ||   107

Table legend:
 A = Non-vault XP
 B = Vault XP
 C = Vault XP percentage of total XP
 D = Non-vault monster count
 E = Vault monster count
 F = Vault count percentage of total count
                 A         B        C        D         E       F
            +---------+---------+-------+---------+---------+-------
      Total |     352 |     131 |  27.1 |      59 |       2 |   3.3
            +---------+---------+-------+---------+---------+-------
        D:1 |      41 |       0 |   0.0 |      24 |       0 |   0.0
        D:2 |      62 |       0 |   0.0 |      12 |       0 |   0.0
        D:3 |     242 |      37 |  13.3 |      18 |       1 |   5.3
        D:4 |       7 |      94 |  93.1 |       5 |       1 |  16.7
            +---------+---------+-------+---------+---------+-------
